 Dungeon Crawl Stone Soup version 0.17-a0-1942-g46ae386 (webtiles) character file.

43 ololoev the Slasher (level 3, 0/26 HPs)
             Began as a High Elf Fighter on Sept 30, 2015.
             Succumbed to poison (a potion of poison)
             ... on level 3 of the Dungeon.
             The game lasted 00:01:59 (268 turns).

ololoev the Slasher (High Elf Fighter)               Turns: 268, Time: 00:01:59

Health: 0/26       AC:  7    Str: 16    XL:     3   Next: 37%
Magic:  4/4        EV:  9    Int: 11    God:
Gold:   33         SH:  0    Dex: 15    Spells: 0 memorised, 2 levels left

rFire  . . .     SeeInvis .     a - +0 long sword
rCold  . . .     Clarity  .     b - +0 scale mail
rNeg   . . .     SustAt   .     (no shield)
rPois  .         Gourm    .     j - +0 helmet
rElec  .         Spirit   .     (no cloak)
rCorr  .         Warding  .     (no gloves)
rMut   .         Stasis   .     (no boots)
MR     .....                    (no amulet)
Stlth  ..........               (no ring)
                                (no ring)

@: lethally poisoned (0 -> -4), not resistant to hostile enchantments, extremely
unstealthy
A: no striking features
a: no special abilities

Inventory:

Hand weapons
 a - a +0 long sword (weapon)
Armour
 b - a +0 scale mail (worn)
 c - a +0 shield
 j - a +0 helmet (worn)
Scrolls
 f - a scroll of amnesia {unknown}
 g - a scroll of identify {unknown}
 i - 4 scrolls of remove curse {unknown}
Comestibles
 e - 2 bread rations


   Skills:
 + Level 3.3 Fighting
 * Level 3.7 Long Blades
 + Level 3.1 Armour
 - Level 2.6 Shields


You had 2 spell levels left.
You didn't know any spells.


You were on level 3 of the Dungeon.
You were not hungry.

You visited 1 branch of the dungeon, and saw 3 of its levels.

You collected 33 gold pieces.

.....#####........
#..............
#...<.....# .#
#.######..##.#
#.....# #...##...#
#.b.# .. #..S#
#@..# ♣......#
.............
.♣..≈#.........
...≈≈#.........
...# #....###..
#.. .....# .< #.
.#####

Notes
Turn   | Place    | Note
--------------------------------------------------------------
     0 | D:1      | ololoev the High Elf Fighter began the quest for the Orb.
     0 | D:1      | Reached XP level 1. HP: 16/16 MP: 2/2
   120 | D:2      | Reached XP level 2. HP: 19/21 MP: 3/3
   162 | D:2      | Reached XP level 3. HP: 16/26 MP: 4/4
   225 | D:2      | Found a bloodstained altar of Trog.
   266 | D:3      | HP: 1/26 [poison (a potion of poison)]
   268 | D:3      | Succumbed to poison (a potion of poison)

Dungeon Overview and Level Annotations

Branches:
Dungeon (3/15)

Altars:
Trog


Message History

It was a potion of cancellation.
Your magical effects are unravelling.
You feel magically purged.
You feel a little less mighty now.
You aren't carrying any potions.
You now have 28 gold pieces (gained 16).
Found a metallic amethyst potion.
Found a stone staircase leading up.
Found 5 gold pieces.
A goblin comes into view.
The goblin shouts!
There is a stone staircase leading up here.
You climb upwards.
There is a stone staircase leading down here.
You climb downwards.
There is a stone staircase leading up here.
You slash the goblin!
You kill the goblin!
Found a bloodstained altar of Trog.
You now have 33 gold pieces (gained 5).
d - a metallic amethyst potion
There is a stone staircase leading down here.
Drink which item? (? for menu, Esc to quit)
It was a potion of poison.
That liquid tasted very nasty...
You are lethally poisoned!
You feel sick.
You feel sick.
You climb downwards.
You feel sick.
There is a stone staircase leading up here.
You feel sick.
You feel sick.
A bat comes into view.
An adder comes into view.
You feel sick. The bat closely misses you. The bat hits you but does no damage.
You feel sick. The bat closely misses you.
The adder bites you but does no damage. The bat hits you but does no damage.
Found an escape hatch in the ceiling.
You die...

You could see an adder and a bat.

Vanquished Creatures
  3 adders (D:2)
  A worm (D:2)
  A goblin (D:2)
  3 hobgoblins (D:2)
  A bat (D:1)
  2 giant newts (D:2)
  5 kobolds (D:2)
  2 rats
18 creatures vanquished.

Action                   || total
-------------------------++-------
Melee: Long sword        ||    42
  Use: Potion            ||     4

Vault maps used:
D:1:      dpeg_arrival_rhombus, minmay_misc_feat_pillars,
          nicolae_ashenzari_panopticon
D:2:      forest_paths, nicolae_overflow_crystal_walls, guppyfry_early_lair_pool
D:3:      lemuel_castle_with_subvaults, elyvilon_altar_4, uniq_natasha
